[Event "98th Caplin Hastings Masters 2024-25"]
[Site "Hastings"]
[Date "2025.01.03"]
[Round "9.27"]
[White "Abrahams, Daniel"]
[Black "Samarasinghe Jude, Ranga"]
[Result "1-0"]
[ECO "A84"]
[WhiteElo "2072"]
[BlackElo "1944"]
[Annotator "NA RC"]
[PlyCount "89"]
[EventDate "2024.12.23"]
[EventType "swiss"]
[EventCountry "ENG"]
[SourceTitle "playchess.com"]
[Source "ChessBase"]
[SourceQuality "1"]
[TimeControl "5400+30"]

1. d4 e6 2. c4 d5 3. cxd5 exd5 4. Nc3 f5 5. Bf4 c6 6. Nf3 Nf6 7. e3 Bd6 8. Bxd6 Qxd6 9. Qc2 O-O 10. Bd3 Ne4 11. O-O Nd7 12. Rfc1 Rf6 13. Ne2 Rh6 14. Ng3 Qf6 15. b4 g5 16. b5 g4 17. Nd2 Qh4 18. Ndf1 Nf8 19. bxc6 bxc6 20. Rab1 Nxg3 21. fxg3 Qg5 22. Rb3 Rf6 23. Rcb1 Qg7 24. Rc3 Qd7 25. Qa4 Qc7 26. Ba6 Nd7 27. Nd2 c5 28. Bxc8 Rxc8 29. dxc5 Rc6 30. Rbc1 Nxc5 31. Qc2 Qe5 32. Kh1 R6c7 33. Nb3 Ne6 34. Rxc7 Rxc7 35. Qd2 Rc4 36. Rd1 Nc5 37. Qa5 Nd3 38. Rf1 Rc7 39. Qb5 Rc3 40. Nd4 Nf2+ 41. Rxf2 Rc1+ 42. Rf1 Qxe3 43. Qxd5+ Kh8 44. Qd8+ Kg7 45. Nxf5+ 1-0

[Event "98th Caplin Hastings Masters 2024-25"]
[Site "Hastings"]
[Date "2025.01.03"]
[Round "9.28"]
[White "Bharat Kumar, Balahari"]
[Black "Vaidyanathan, Adithya"]
[Result "1-0"]
[ECO "A30"]
[WhiteElo "2063"]
[BlackElo "1904"]
[Annotator "NA RC"]
[PlyCount "95"]
[EventDate "2024.12.23"]
[EventType "swiss"]
[EventCountry "ENG"]
[SourceTitle "playchess.com"]
[Source "ChessBase"]
[SourceQuality "1"]
[TimeControl "5400+30"]

1. b3 c5 2. Bb2 Nc6 3. Nf3 d6 4. c4 e5 5. d3 g6 6. g3 Bg7 7. Bg2 Nge7 8. O-O O-O 9. Nc3 f5 10. Nd2 f4 11. a3 a5 12. Nd5 Nxd5 13. cxd5 Nb8 14. Bc3 Bg4 15. h3 Bd7 16. b4 axb4 17. axb4 Rxa1 18. Qxa1 cxb4 19. Bxb4 fxg3 20. Bxd6 Rxf2 21. Qa7 Bxh3 22. Bxh3 Rxf1+ 23. Kxf1 Qxd6 24. Be6+ Kh8 25. Ne4 Qf8+ 26. Kg2 b5 27. Qb7 h6 28. Qxb5 Qd8 29. Qb7 Kh7 30. Bc8 Qh4 31. Bh3 Qd8 32. d6 h5 33. Qc7 Qf8 34. Bc8 Qf4 35. Qxb8 Qc1 36. Qc7 Qd1 37. Nxg3 h4 38. Ne4 Qxe2+ 39. Nf2 Qe3 40. Qe7 Qg3+ 41. Kf1 e4 42. dxe4 Kh6 43. d7 Bd4 44. Qf8+ Bg7 45. d8=Q Bxf8 46. Qxf8+ Kg5 47. Nh3+ Qxh3+ 48. Bxh3 1-0

[Event "98th Caplin Hastings Masters 2024-25"]
[Site "Hastings"]
[Date "2025.01.03"]
[Round "9.29"]
[White "Kolka, David"]
[Black "Kennedy, Craig"]
[Result "1-0"]
[ECO "D02"]
[WhiteElo "2020"]
[BlackElo "1851"]
[Annotator "NA RC"]
[PlyCount "33"]
[EventDate "2024.12.23"]
[EventType "swiss"]
[EventCountry "ENG"]
[SourceTitle "playchess.com"]
[Source "ChessBase"]
[SourceQuality "1"]
[TimeControl "5400+30"]

1. d4 e6 2. Nf3 d5 3. Bf4 Bd6 4. Bg3 Nf6 5. Nbd2 b6 6. e3 Bb7 7. Ne5 Ne4 8. Nxe4 dxe4 9. Bb5+ c6 10. Be2 O-O 11. c3 Qe7 12. Qc2 c5 13. dxc5 Bxc5 14. Rd1 Rd8 15. O-O Nd7 16. Nc4 Qg5 17. Bc7 1-0

[Event "98th Caplin Hastings Masters 2024-25"]
[Site "Hastings"]
[Date "2025.01.03"]
[Round "9.30"]
[White "Bhatia, Kanishka"]
[Black "Lee, Jungsoo"]
[Result "1-0"]
[ECO "B02"]
[WhiteElo "2018"]
[BlackElo "1705"]
[Annotator "NA RC"]
[PlyCount "51"]
[EventDate "2024.12.23"]
[EventType "swiss"]
[EventCountry "ENG"]
[SourceTitle "playchess.com"]
[Source "ChessBase"]
[SourceQuality "1"]
[TimeControl "5400+30"]

1. e4 Nf6 2. Nc3 d5 3. e5 Nfd7 4. Nxd5 Nxe5 5. Ne3 c5 6. f4 Nec6 7. Nf3 e6 8. g3 Be7 9. Bg2 g5 10. Nxg5 Bxg5 11. fxg5 Qxg5 12. O-O h5 13. d4 Qe7 14. d5 Ne5 15. b3 h4 16. Bb2 Qg5 17. Nc4 Nxc4 18. Bxh8 Ne3 19. Qf3 Nxf1 20. Rxf1 Qg8 21. dxe6 fxe6 22. Qh5+ Kd8 23. Bf6+ Kc7 24. Qxc5+ Nc6 25. Be5+ Kd8 26. Rf8+ 1-0

[Event "98th Caplin Hastings Masters 2024-25"]
[Site "Hastings"]
[Date "2025.01.03"]
[Round "9.31"]
[White "Sciupokas, Arunas"]
[Black "Boswell, Jacob Connor"]
[Result "0-1"]
[ECO "B30"]
[WhiteElo "1969"]
[BlackElo "2277"]
[Annotator "TA"]
[PlyCount "64"]
[EventDate "2024.12.23"]
[EventType "swiss"]
[EventCountry "ENG"]
[SourceTitle "playchess.com"]
[Source "ChessBase"]
[SourceQuality "1"]
[TimeControl "5400+30"]

1. e4 c5 2. Nf3 Nc6 3. Bb5 e5 4. Bxc6 dxc6 5. d3 Bd6 6. O-O Ne7 7. Nbd2 Ng6 8. Nc4 Bc7 9. Be3 Qe7 10. a4 O-O 11. Qe1 Nf4 12. Bxf4 exf4 13. Qc3 Bg4 14. Ncd2 Rad8 15. Rfe1 Rfe8 16. e5 Rd5 17. Re4 Bxe5 ({Black should play} 17... g5 $1 $15 18. Qb3 b6 (18... Bxe5 $2 19. c4 $18)) 18. Rae1 f6 (18... Bxc3 $11 19. Rxe7 Rxe7 20. Rxe7 Kf8 21. Rxb7 Bxd2 22. Nxd2 Bd1) 19. Qb3 (19. Nxe5 $14 Rxe5 20. Rxe5 fxe5 21. Nc4) 19... Qf7 20. c4 (20. Nxe5 $11 Rdxe5 21. Rxe5 Rxe5 22. Rxe5 Qxb3 23. Nxb3 fxe5 24. f3) 20... Rdd8 21. Nxe5 fxe5 22. Qc3 (22. Rxe5 $15 Rxe5 23. Rxe5) 22... Bf5 {[%emt 0:03:35] Black is more active.} (22... Rd4 $17 {Hoping for ...Bf5.} 23. Nb3 (23. Rxe5 Rxe5 24. Rxe5 Qd7 $17) 23... Rxe4 24. Rxe4 Qe7) 23. Rxe5 $11 Rxe5 24. Qxe5 Bxd3 25. Nf3 (25. Qxc5 $11 Qf6 26. Qb4) 25... Bxc4 (25... b6 $15 26. b3 Bc2) 26. Qxc5 {[%emt 0:00:40][%cal Of3g5] and Ng5! would now be decisive} Bd5 27. Qe7 ({White should play} 27. Ne5 $11 Qc7 28. Qxa7) 27... Rd7 $15 28. Qe8+ (28. Qe2 $15 Qh5 29. Qd2) 28... Qxe8 $19 29. Rxe8+ Kf7 30. Rb8 Bxf3 31. gxf3 Ke6 32. Rf8 (32. Re8+ {was called for.} Kd5 33. Re4) 32... Rd4 0-1

[Event "98th Caplin Hastings Masters 2024-25"]
[Site "Hastings"]
[Date "2025.01.03"]
[Round "9.33"]
[White "Steiners, Emils"]
[Black "Hu, Junyan"]
[Result "1-0"]
[ECO "E49"]
[WhiteElo "2209"]
[BlackElo "1933"]
[Annotator "RC"]
[PlyCount "95"]
[EventDate "2024.12.23"]
[EventType "swiss"]
[EventCountry "ENG"]
[SourceTitle "playchess.com"]
[Source "ChessBase"]
[SourceQuality "1"]
[TimeControl "5400+30"]

1. d4 Nf6 2. c4 e6 3. Nc3 Bb4 4. e3 O-O 5. Bd3 d5 6. a3 Bxc3+ 7. bxc3 dxc4 8. Bxc4 c5 9. Ne2 Qc7 10. Bd3 Nc6 11. O-O e5 12. e4 cxd4 13. cxd4 Nxd4 14. Nxd4 exd4 15. h3 b6 16. Bg5 Nd7 17. f4 Nc5 18. Rc1 Bb7 19. Rc2 Qd7 20. Re1 Rac8 21. Rd2 Nxd3 22. Rxd3 f6 23. Rxd4 Qc7 24. Bh4 Rcd8 25. Rxd8 Rxd8 26. Qg4 Qf7 27. e5 Rd2 28. e6 Qe8 29. Bf2 Qe7 30. f5 b5 31. Qf4 Rd8 32. Rb1 a6 33. Re1 Bd5 34. Bb6 Re8 35. Qg3 Qb7 36. Bd4 Kh8 37. h4 Qe7 38. h5 Rg8 39. Rc1 Bc4 40. h6 Rd8 41. hxg7+ Kg8 42. Qh4 Kxg7 43. Rc3 Rf8 44. Rh3 Kh8 45. Kh1 Qg7 46. e7 Qxe7 47. Bc5 Qf7 48. Bxf8 1-0

[Event "98th Caplin Hastings Masters 2024-25"]
[Site "Hastings"]
[Date "2025.01.03"]
[Round "9.34"]
[White "Brewer, Callum D"]
[Black "Kim, Taewoo A"]
[Result "1-0"]
[ECO "B30"]
[WhiteElo "2151"]
[BlackElo "1863"]
[Annotator "RC"]
[PlyCount "105"]
[EventDate "2024.12.23"]
[EventType "swiss"]
[EventCountry "ENG"]
[SourceTitle "playchess.com"]
[Source "ChessBase"]
[SourceQuality "1"]
[TimeControl "5400+30"]

1. e4 c5 2. Nf3 Nc6 3. Bb5 e6 4. Bxc6 bxc6 5. d3 Ne7 6. Nbd2 Ng6 7. h4 h5 8. e5 Be7 9. Qe2 f6 10. Nc4 Ba6 11. Qe4 Kf7 12. Rh3 f5 13. Qe2 Bxc4 14. dxc4 Nxh4 15. Nxh4 Bxh4 16. Be3 Be7 17. O-O-O Qc7 18. Rxh5 g6 19. Rxh8 Rxh8 20. f4 Ke8 21. g4 Kd8 22. gxf5 gxf5 23. Qg2 Kc8 24. Kb1 Qd8 25. Rg1 Rh4 26. Qg8 Rh8 27. Qg7 Qf8 28. a4 Qxg7 29. Rxg7 Rh3 30. Bd2 Kd8 31. Rg8+ Kc7 32. Ba5+ Kb7 33. Rg7 Ka6 34. Bd2 Rh1+ 35. Ka2 Rd1 36. Rg2 Bh4 37. Kb3 Be1 38. Be3 Kb6 39. Rg1 Ra1 40. Bf2 Bxf2 41. Rxa1 a5 42. Kc3 Be3 43. Rf1 d5 44. exd6 Bd4+ 45. Kd3 Kb7 46. Rh1 e5 47. fxe5 Bxe5 48. Rh7+ Kc8 49. Rc7+ Kb8 50. Rxc6 Kb7 51. d7 Bc7 52. Rxc5 f4 53. Ke4 1-0

[Event "98th Caplin Hastings Masters 2024-25"]
[Site "Hastings"]
[Date "2025.01.03"]
[Round "9.35"]
[White "Buckland, Louis"]
[Black "Marusenko, Petr"]
[Result "0-1"]
[ECO "E63"]
[WhiteElo "1856"]
[BlackElo "2021"]
[Annotator "NA RC"]
[PlyCount "78"]
[EventDate "2024.12.23"]
[EventType "swiss"]
[EventCountry "ENG"]
[SourceTitle "playchess.com"]
[Source "ChessBase"]
[SourceQuality "1"]
[TimeControl "5400+30"]

1. d4 Nf6 2. c4 g6 3. Nf3 Bg7 4. g3 O-O 5. Bg2 d6 6. Nc3 Nc6 7. d5 Na5 8. b3 c5 9. Bb2 a6 10. O-O Rb8 11. Nd2 b5 12. Qc1 Bh6 13. e3 Ng4 14. Nd1 f5 15. f4 Bd7 16. e4 bxc4 17. bxc4 Ba4 18. Qc3 Nf6 19. Rb1 Bg7 20. exf5 Bxd1 21. Rfxd1 Rxb2 22. Qxb2 Ng4 23. Qc1 Bd4+ 24. Kf1 Ne3+ 25. Ke2 Nxg2 26. Nf1 Qd7 27. Qc2 Rxf5 28. Qe4 Nxf4+ 29. gxf4 Be5 30. Ne3 Rxf4 31. Qg2 Qa4 32. Rb8+ Kg7 33. Rc1 Qxa2+ 34. Rc2 Qa3 35. Qg5 Rf7 36. h4 Nb3 37. h5 Nd4+ 38. Kd1 Qd3+ 39. Kc1 Rf1+ 0-1

[Event "98th Caplin Hastings Masters 2024-25"]
[Site "Hastings"]
[Date "2025.01.03"]
[Round "9.36"]
[White "Vaidyanathan, Sathya"]
[Black "White, Stuart A"]
[Result "0-1"]
[ECO "B23"]
[WhiteElo "1908"]
[BlackElo "2017"]
[Annotator "NA RC"]
[PlyCount "102"]
[EventDate "2024.12.23"]
[EventType "swiss"]
[EventCountry "ENG"]
[SourceTitle "playchess.com"]
[Source "ChessBase"]
[SourceQuality "1"]
[TimeControl "5400+30"]

1. e4 c5 2. Nc3 Nc6 3. Bb5 Nd4 4. Nf3 a6 5. Bd3 g6 6. O-O Bg7 7. Re1 e6 8. b3 Ne7 9. Bb2 Nec6 10. Rb1 O-O 11. Nxd4 cxd4 12. Ne2 d5 13. c3 Ne5 14. Nc1 Nxd3 15. Nxd3 dxe4 16. Rxe4 Qd5 17. Re1 e5 18. cxd4 Bf5 19. Nb4 Qa5 20. Nc2 exd4 21. g4 Bd3 22. Rc1 Rad8 23. Qf3 Qxd2 24. Red1 Be2 25. Rxd2 Bxf3 26. Bxd4 Bxg4 27. Bxg7 Kxg7 28. Rxd8 Rxd8 29. Ne3 Bf3 30. Rc2 f5 31. h3 f4 32. Ng2 g5 33. Rc3 Bc6 34. Rc2 Kf6 35. Kh2 Rd3 36. h4 h6 37. hxg5+ hxg5 38. Ne1 Rd7 39. Ng2 Kf5 40. Rc5+ Rd5 41. Rc2 Re5 42. Rd2 Rc5 43. Ne1 Rc3 44. Ng2 Kg4 45. Rb2 Rc1 46. Rd2 Rf1 47. Rc2 Kf3 48. Rc3+ Kxf2 49. Rc2+ Kf3 50. Rc5 Kg4 51. Rc4 Rf2 0-1

[Event "98th Caplin Hastings Masters 2024-25"]
[Site "Hastings"]
[Date "2025.01.03"]
[Round "9.37"]
[White "Swiatkowski, Dominik"]
[Black "Suez-Panama, Gilles"]
[Result "0-1"]
[ECO "C06"]
[WhiteElo "1744"]
[BlackElo "1979"]
[Annotator "NA RC"]
[PlyCount "86"]
[EventDate "2024.12.23"]
[EventType "swiss"]
[EventCountry "ENG"]
[SourceTitle "playchess.com"]
[Source "ChessBase"]
[SourceQuality "1"]
[TimeControl "5400+30"]

1. e4 e6 2. d3 d5 3. Nd2 Nf6 4. Ngf3 Bc5 5. e5 Nfd7 6. d4 Be7 7. Bd3 c5 8. c3 Nc6 9. O-O a5 10. dxc5 Ndxe5 11. Nxe5 Nxe5 12. Bb5+ Bd7 13. Bxd7+ Qxd7 14. b4 b6 15. cxb6 axb4 16. cxb4 Nd3 17. Qb3 Nxb4 18. Ba3 Ra4 19. Rfc1 Na6 20. Rc8+ Qxc8 21. Qxa4+ Kd8 22. Nb3 Qc4 23. Qa5 Bxa3 24. b7+ Ke7 25. Qxa3+ Kf6 26. Qb2+ e5 27. Na5 Qc5 28. Rb1 Nb8 29. Qb6+ Qxb6 30. Rxb6+ Kf5 31. Nc6 Nxc6 32. Rxc6 Rb8 33. a4 Rxb7 34. g4+ Kxg4 35. Rc5 Kf3 36. Rc3+ Ke4 37. a5 Rb1+ 38. Kg2 Ra1 39. Rc7 d4 40. Rxf7 d3 41. Rd7 g5 42. h3 h5 43. Rd6 Rxa5 0-1

[Event "98th Caplin Hastings Masters 2024-25"]
[Site "Hastings"]
[Date "2025.01.03"]
[Round "9.38"]
[White "Burrows, Martin P"]
[Black "Rastogi, Nayan Keats"]
[Result "1-0"]
[ECO "B86"]
[WhiteElo "2042"]
[BlackElo "1892"]
[Annotator "NA RC"]
[PlyCount "51"]
[EventDate "2024.12.23"]
[EventType "swiss"]
[EventCountry "ENG"]
[SourceTitle "playchess.com"]
[Source "ChessBase"]
[SourceQuality "1"]
[TimeControl "5400+30"]

1. e4 c5 2. Nf3 d6 3. d4 cxd4 4. Nxd4 Nf6 5. Nc3 a6 6. Bc4 e6 7. Bb3 Nbd7 8. Bg5 Nc5 9. f4 Be7 10. Qe2 h6 11. Bxf6 Bxf6 12. O-O-O Qc7 13. Rhe1 O-O 14. g4 b5 15. g5 hxg5 16. e5 dxe5 17. fxe5 Be7 18. h4 gxh4 19. Rg1 g6 20. Qh5 Kg7 21. Nf5+ exf5 22. Bxf7 Bg5+ 23. Rxg5 Qxf7 24. Rdg1 Rg8 25. Rxg6+ Kf8 26. Qh6+ 1-0

[Event "98th Caplin Hastings Masters 2024-25"]
[Site "Hastings"]
[Date "2025.01.03"]
[Round "9.39"]
[White "Lishoy Gengis Paratazham, Dildarav"]
[Black "Ruane, Brendan J"]
[Result "1-0"]
[ECO "B00"]
[WhiteElo "2037"]
[BlackElo "1869"]
[Annotator "NA RC"]
[PlyCount "93"]
[EventDate "2024.12.23"]
[EventType "swiss"]
[EventCountry "ENG"]
[SourceTitle "playchess.com"]
[Source "ChessBase"]
[SourceQuality "1"]
[TimeControl "5400+30"]

1. Nf3 Nc6 2. e4 d6 3. d4 Nf6 4. Nc3 g6 5. h3 a6 6. Be3 Bg7 7. Be2 O-O 8. O-O b5 9. e5 Nd7 10. e6 fxe6 11. d5 Nce5 12. dxe6 Nc5 13. Bxc5 dxc5 14. Qd5 Qxd5 15. Nxd5 Nc6 16. c3 Ra7 17. Rfe1 Bxe6 18. Rad1 Bc8 19. Ng5 e6 20. Ne3 Bh6 21. Ne4 Bxe3 22. fxe3 Rf5 23. Bg4 Re5 24. Bf3 Kg7 25. Nf2 Ne7 26. Nd3 Rf5 27. e4 Rf8 28. Nxc5 e5 29. Bg4 Bxg4 30. hxg4 Rf6 31. g5 Rc6 32. b4 a5 33. Rd7 Kf8 34. Rd8+ Kg7 35. Red1 Rd6 36. R1xd6 cxd6 37. Rxd6 axb4 38. cxb4 Rxa2 39. Rb6 Rb2 40. Rxb5 Nc6 41. Rb7+ Kf8 42. b5 Nd8 43. Rxh7 Rxb5 44. Nd7+ Ke8 45. Nf6+ Kf8 46. Rh8+ Ke7 47. Re8+ 1-0

[Event "98th Caplin Hastings Masters 2024-25"]
[Site "Hastings"]
[Date "2025.01.03"]
[Round "9.40"]
[White "Zhang, Kendrick Botong"]
[Black "Chapman, Luke"]
[Result "1-0"]
[ECO "B32"]
[WhiteElo "1979"]
[BlackElo "1706"]
[Annotator "NA RC"]
[PlyCount "133"]
[EventDate "2024.12.23"]
[EventType "swiss"]
[EventCountry "ENG"]
[SourceTitle "playchess.com"]
[Source "ChessBase"]
[SourceQuality "1"]
[TimeControl "5400+30"]

1. e4 c5 2. Nf3 Nc6 3. d4 cxd4 4. Nxd4 e5 5. Nb5 d6 6. N1c3 a6 7. Na3 Be7 8. Nc4 b5 9. Ne3 Nf6 10. g3 h5 11. Bg2 h4 12. Ncd5 h3 13. Bf3 O-O 14. c3 Be6 15. O-O Rb8 16. Nxf6+ Bxf6 17. Bg4 Qd7 18. f4 exf4 19. gxf4 Bxg4 20. Nxg4 Bd8 21. Qf3 Bb6+ 22. Be3 Bxe3+ 23. Nxe3 b4 24. Nf5 Ne7 25. Nxe7+ Qxe7 26. c4 Rfe8 27. Rae1 Qf6 28. b3 Qd4+ 29. Kh1 a5 30. Re3 f5 31. Rd1 fxe4 32. Qe2 Qf6 33. Rxe4 Qg6 34. Re1 Rxe4 35. Qxe4 Qxe4+ 36. Rxe4 d5 37. cxd5 Rc8 38. Kg1 Rc2 39. d6 Rd2 40. Re5 Rxd6 41. Rxa5 Rd2 42. Rh5 Rg2+ 43. Kh1 Rxa2 44. Rxh3 Rc2 45. Kg1 Rc3 46. Kg2 Kf7 47. Rf3 Ke6 48. Kf2 Rc2+ 49. Kg3 Rc3 50. Kg4 Kd5 51. h4 Kd4 52. h5 Rc1 53. f5 Rg1+ 54. Rg3 Rf1 55. Kg5 Rc1 56. Kg6 Rc3 57. Rg4+ Ke5 58. Kxg7 Kxf5 59. Rxb4 Rc7+ 60. Kf8 Rh7 61. Rb6 Rh8+ 62. Kg7 Ra8 63. h6 Ra7+ 64. Kf8 Kg5 65. b4 Ra8+ 66. Ke7 Ra7+ 67. Kd8 1-0

[Event "98th Caplin Hastings Masters 2024-25"]
[Site "Hastings"]
[Date "2025.01.03"]
[Round "9.42"]
[White "Pick, Freddie"]
[Black "Ashton, Alannah"]
[Result "1-0"]
[ECO "B78"]
[WhiteElo "1874"]
[BlackElo "1953"]
[Annotator "NA RC"]
[PlyCount "69"]
[EventDate "2024.12.23"]
[EventType "swiss"]
[EventCountry "ENG"]
[SourceTitle "playchess.com"]
[Source "ChessBase"]
[SourceQuality "1"]
[TimeControl "5400+30"]

1. e4 c5 2. Nf3 d6 3. d4 cxd4 4. Nxd4 Nf6 5. Nc3 g6 6. Be3 Bg7 7. f3 O-O 8. Qd2 Nc6 9. Bc4 Bd7 10. O-O-O Ne5 11. Bb3 b5 12. Nd5 a5 13. Nxf6+ Bxf6 14. h4 a4 15. Bd5 Rb8 16. a3 e6 17. Ba2 Qc7 18. Kb1 b4 19. axb4 a3 20. h5 Nc4 21. Bxc4 Qxc4 22. bxa3 Ra8 23. Qd3 Qc7 24. Bc1 Ba4 25. Bb2 Rfc8 26. Nb3 Bxb2 27. Kxb2 Ra6 28. Nc5 dxc5 29. Qxa6 cxb4 30. Qxa4 Qc3+ 31. Ka2 bxa3 32. Qb3 Qc6 33. Rd2 Ra8 34. Rhd1 Qc7 35. h6 1-0

[Event "98th Caplin Hastings Masters 2024-25"]
[Site "Hastings"]
[Date "2025.01.03"]
[Round "9.44"]
[White "Fryer, David W"]
[Black "Flynn, David"]
[Result "1-0"]
[ECO "B26"]
[WhiteElo "1928"]
[BlackElo "1834"]
[Annotator "NA RC"]
[PlyCount "105"]
[EventDate "2024.12.23"]
[EventType "swiss"]
[EventCountry "ENG"]
[SourceTitle "playchess.com"]
[Source "ChessBase"]
[SourceQuality "1"]
[TimeControl "5400+30"]

1. e4 c5 2. Nc3 Nc6 3. g3 g6 4. Bg2 Bg7 5. d3 d6 6. Be3 e5 7. Qd2 Nd4 8. Nce2 Ne7 9. c3 Nxe2 10. Nxe2 Qa5 11. O-O O-O 12. Bh6 Bxh6 13. Qxh6 Qb5 14. Qd2 b6 15. f4 f6 16. f5 g5 17. g4 Ba6 18. c4 Qd7 19. Ng3 Nc6 20. Kf2 Kf7 21. Rh1 Rh8 22. h4 h6 23. Rh3 Rag8 24. Rah1 Qd8 25. Bf3 Nd4 26. Bd1 b5 27. b3 bxc4 28. dxc4 Bb7 29. Ke3 Bc6 30. Kd3 Qa8 31. Ke3 Qd8 32. Bc2 Ba8 33. Bd3 Qf8 34. Qh2 gxh4 35. Rxh4 Rg5 36. Ne2 Nc6 37. Nc3 Nd4 38. Ne2 Nc6 39. Ng1 Rhg8 40. Be2 Nd4 41. Bd1 Nxf5+ 42. exf5 Bxh1 43. Qxh1 Qa8 44. Bf3 Qd8 45. Nh3 Qa5 46. Nxg5+ fxg5 47. Rxh6 Qc3+ 48. Ke2 Qb2+ 49. Kf1 Qc1+ 50. Kg2 Qd2+ 51. Kh3 e4 52. Qd1 Qf4 53. Qd5+ 1-0

[Event "98th Caplin Hastings Masters 2024-25"]
[Site "Hastings"]
[Date "2025.01.03"]
[Round "9.45"]
[White "Wilson, Matthew R"]
[Black "Raffin-Sumyk, Piermael"]
[Result "1-0"]
[ECO "C01"]
[WhiteElo "1766"]
[BlackElo "1512"]
[Annotator "NA RC"]
[PlyCount "59"]
[EventDate "2024.12.23"]
[EventType "swiss"]
[EventCountry "ENG"]
[SourceTitle "playchess.com"]
[Source "ChessBase"]
[SourceQuality "1"]
[TimeControl "5400+30"]

1. e4 e6 2. d4 d5 3. exd5 exd5 4. Bd3 Nf6 5. Nf3 Be7 6. O-O O-O 7. Re1 Bg4 8. Nbd2 c6 9. Nf1 Nbd7 10. Ng3 Bd6 11. Nf5 Bxf5 12. Bxf5 Qc7 13. Bg5 Rfe8 14. Qd2 Ne4 15. Qe3 Ndf6 16. Bxf6 Nxf6 17. Qg5 h6 18. Qh4 Rad8 19. c3 a6 20. h3 Bf4 21. g3 Bd6 22. Kg2 Rxe1 23. Rxe1 Qb8 24. Ne5 Bf8 25. f4 Qc7 26. g4 Bd6 27. g5 Nh7 28. g6 fxg6 29. Be6+ Kh8 30. Nxg6# 1-0

[Event "98th Caplin Hastings Masters 2024-25"]
[Site "Hastings"]
[Date "2025.01.03"]
[Round "9.46"]
[White "Kim, Nayoon B"]
[Black "Alcindor, Samuel"]
[Result "1-0"]
[ECO "A37"]
[WhiteElo "1663"]
[BlackElo "1927"]
[Annotator "NA RC"]
[PlyCount "101"]
[EventDate "2024.12.23"]
[EventType "swiss"]
[EventCountry "ENG"]
[SourceTitle "playchess.com"]
[Source "ChessBase"]
[SourceQuality "1"]
[TimeControl "5400+30"]

1. c4 c5 2. Nc3 Nc6 3. g3 g6 4. Bg2 Bg7 5. Nf3 e5 6. O-O Nge7 7. d3 O-O 8. a3 d6 9. Rb1 a5 10. Nb5 h6 11. Bd2 Rb8 12. Qa4 b6 13. b4 axb4 14. axb4 Bg4 15. bxc5 bxc5 16. h3 Be6 17. Rfc1 Qd7 18. Kh2 f5 19. e3 e4 20. Ne1 Ne5 21. d4 cxd4 22. exd4 Nxc4 23. Rxc4 Bxc4 24. Qxc4+ d5 25. Qa4 Rfc8 26. Bf1 Nc6 27. Rc1 Kh7 28. Bf4 Ra8 29. Qd1 Ra2 30. Kg1 Rca8 31. Nc7 Nxd4 32. Nxa8 Rxa8 33. Rc7 Qa4 34. Qxa4 Rxa4 35. Be5 Ne6 36. Re7 d4 37. Rxe6 Bxe5 38. Rxe5 d3 39. Rd5 Kg7 40. Nxd3 exd3 41. Bxd3 h5 42. Kg2 Kf6 43. Rd6+ Kg7 44. Bc2 Ra3 45. Rd3 Ra2 46. Bb3 Ra3 47. Bc4 Ra4 48. Rd7+ Kf6 49. Bd5 Ra3 50. f4 Re3 51. Rf7# 1-0

[Event "98th Caplin Hastings Masters 2024-25"]
[Site "Hastings"]
[Date "2025.01.03"]
[Round "9.47"]
[White "Keely, Leo A"]
[Black "Stokes, Stephen"]
[Result "1-0"]
[ECO "B02"]
[WhiteElo "1899"]
[BlackElo "1866"]
[Annotator "NA RC"]
[PlyCount "87"]
[EventDate "2024.12.23"]
[EventType "swiss"]
[EventCountry "ENG"]
[SourceTitle "playchess.com"]
[Source "ChessBase"]
[SourceQuality "1"]
[TimeControl "5400+30"]

1. e4 Nf6 2. e5 Nd5 3. Nc3 e6 4. Nxd5 exd5 5. d4 d6 6. Nf3 Nc6 7. Bf4 dxe5 8. Nxe5 Nxe5 9. Bxe5 f6 10. Bg3 Bf5 11. Be2 Bd6 12. O-O Bxg3 13. hxg3 Qd6 14. Bh5+ g6 15. Re1+ Kd7 16. Bg4 Bxg4 17. Qxg4+ f5 18. Qh4 h5 19. Re5 Rae8 20. Rae1 a6 21. Qf4 Rxe5 22. dxe5 Qe6 23. Qd4 Kc8 24. Qa7 Re8 25. Qa8+ Kd7 26. Qxb7 Qc6 27. Qxc6+ Kxc6 28. f4 Rb8 29. b3 Rb4 30. Kf2 Kd7 31. c3 Re4 32. Rxe4 fxe4 33. b4 Ke6 34. Ke3 Kd7 35. Kd4 c6 36. c4 Kc7 37. cxd5 cxd5 38. a4 Kc6 39. a5 Kb7 40. e6 Kc7 41. b5 axb5 42. a6 b4 43. a7 Kb7 44. e7 1-0

[Event "98th Caplin Hastings Masters 2024-25"]
[Site "Hastings"]
[Date "2025.01.03"]
[Round "9.49"]
[White "Choi, Hyunbin"]
[Black "Graham, Oliver"]
[Result "1-0"]
[ECO "C41"]
[WhiteElo "1673"]
[BlackElo "1789"]
[Annotator "NA RC"]
[PlyCount "83"]
[EventDate "2024.12.23"]
[EventType "swiss"]
[EventCountry "ENG"]
[SourceTitle "playchess.com"]
[Source "ChessBase"]
[SourceQuality "1"]
[TimeControl "5400+30"]

1. e4 e5 2. Nf3 Nc6 3. Bc4 Be7 4. d4 exd4 5. Nxd4 Nf6 6. Nc3 d6 7. O-O O-O 8. h3 Bd7 9. a3 a6 10. f4 Nxd4 11. Qxd4 Bc6 12. Bd2 h6 13. Rae1 b6 14. b4 Bb7 15. Qd3 c5 16. b5 axb5 17. Nxb5 Bc6 18. Bc1 Qd7 19. Nc3 Rab8 20. Bb5 Rfe8 21. Bxc6 Qxc6 22. Bb2 b5 23. Nd5 Nxd5 24. exd5 Qd7 25. f5 Bf6 26. Bxf6 gxf6 27. Re4 Rxe4 28. Qxe4 Re8 29. Qg4+ Kh7 30. Rf3 Qe7 31. Rg3 Qf8 32. Rb3 Rb8 33. Qe2 b4 34. axb4 Qc8 35. Qe7 Qxf5 36. Qxf7+ Kh8 37. Rg3 Qg5 38. Rxg5 fxg5 39. Qf6+ Kh7 40. Qxd6 Rxb4 41. Qe7+ Kg6 42. d6 1-0

[Event "98th Caplin Hastings Masters 2024-25"]
[Site "Hastings"]
[Date "2025.01.03"]
[Round "9.50"]
[White "Prudent, Sylvio"]
[Black "Han, Yongsu"]
[Result "1-0"]
[ECO "D05"]
[WhiteElo "1780"]
[BlackElo "1718"]
[Annotator "NA RC"]
[PlyCount "123"]
[EventDate "2024.12.23"]
[EventType "swiss"]
[EventCountry "ENG"]
[SourceTitle "playchess.com"]
[Source "ChessBase"]
[SourceQuality "1"]
[TimeControl "5400+30"]

1. Nf3 d5 2. b3 c5 3. Bb2 Nf6 4. e3 e6 5. d4 Bd6 6. Bd3 Nc6 7. O-O Qc7 8. a3 e5 9. dxe5 Nxe5 10. Bb5+ Bd7 11. Bxd7+ Kxd7 12. Nc3 Nxf3+ 13. Qxf3 Bxh2+ 14. Kh1 Be5 15. Nxd5 Nxd5 16. Qxd5+ Bd6 17. Be5 Rae8 18. Qxf7+ Kc8 19. Qxc7+ Bxc7 20. Bxg7 Re6 21. g3 Rg8 22. Bc3 h5 23. Rg1 Re4 24. g4 hxg4 25. Rae1 g3 26. f4 Re6 27. Kg2 c4 28. b4 Bb6 29. Kf3 Rge8 30. Bd2 c3 31. Bc1 Bd8 32. Kxg3 Rh6 33. Rh1 Rg8+ 34. Kf3 Rhg6 35. Ke4 Rg2 36. Kd3 Bf6 37. Rh6 Bg7 38. Rhh1 Rd8+ 39. Kc4 Rxc2 40. Kb3 Rg2 41. Rhg1 Rxg1 42. Rxg1 Bf6 43. e4 Bd4 44. Rd1 b5 45. f5 Be5 46. Rxd8+ Kxd8 47. Be3 a6 48. Bf2 Kd7 49. Be1 Kd6 50. Bxc3 Bf4 51. Kc2 Bh2 52. Kd3 Bf4 53. Bb2 Bg3 54. Ke3 Bh2 55. Kf3 Ke7 56. e5 Bg1 57. Ke4 Bb6 58. Kd5 Bd8 59. f6+ Ke8 60. e6 a5 61. f7+ Ke7 62. Bf6+ 1-0